 Dungeon Crawl Stone Soup version 0.29-a0-419-g77450f2105 (webtiles) character file.

Game seed: 11414612250125320445

108945 Kenran the Severer (level 16, -5/204 HPs)
             Began as a Vampire Berserker on May 18, 2022.
             Was a High Priest of Trog.
             Shot with an arrow by Nessos (8 damage)
             ... on level 2 of the Orcish Mines.
             The game lasted 00:52:10 (24159 turns).

Kenran the Severer (Vampire Berserker)             Turns: 24159, Time: 00:52:11

Health: -5/204     AC: 24    Str: 20    XL:     16   Next: 3%
Magic:  16/16      EV: 25    Int: 13    God:    Trog [*****.]
Gold:   1861       SH:  0    Dex: 16    Spells: 15/15 levels left

rFire   + + .      SeeInvis +   a - +6 broad axe (vamp)
rCold   . . .      Faith    .   (no shield)
rNeg    . . .      Spirit   .   T - +0 plate armour {rF+}
rPois   .          Reflect  .   J - +1 helmet
rElec   +          Harm     .   I - +0 cloak
rCorr   +          Rampage  .   (no gloves)
Will    ++...                   H - +1 pair of boots of the Forest {rElec Will+ rCorr Int+2}
Stlth   ..........              k - amulet "Fuoxu" {Acrobat Fragile rF+ Stlth+}
HPRegen 0.64/turn               Q - +4 ring of slaying
MPRegen 0.15/turn               z - +4 ring of protection

@: berserking (expiring), lethally poisoned (-5 -> -29), acrobatic, healing
quickly, very quick
A: alive, fangs 3, see invisible, vampiric 2
a: Exsanguinate, Renounce Religion, Berserk, Trog's Hand, Brothers in Arms


You were on level 2 of the Orcish Mines.
You worshipped Trog.
Trog was extremely pleased with you.
You visited 3 branches of the dungeon, and saw 23 of its levels.

You collected 2115 gold pieces.
You spent 254 gold pieces at shops.

Inventory:

Hand Weapons
 a - a +6 vampiric broad axe (weapon)
 b - a +2 hand axe of flaming
Missiles
 c - 689 stones (quivered)
Armour
 H - the +1 pair of boots of the Forest (worn) {rElec Will+ rCorr Int+2}
   (You found it on level 12 of the Dungeon)

   Int:       It affects your intelligence (+2).
   rElec:     It insulates you from electricity.
   rCorr:     It protects you from acid and corrosion.
   Will:      It increases your willpower.
 I - a +0 cloak (worn)
 J - a +1 helmet (worn)
 T - a +0 plate armour of fire resistance (worn)
Jewellery
 d - a ring of poison resistance
 k - the amulet "Fuoxu" (around neck) {Acrobat Fragile rF+ Stlth+}
   (You found it on level 12 of the Dungeon)

   [amulet of the acrobat]

   It increases your evasion while moving and waiting.
   rF:        It protects you from fire.
   Fragile:   It will be destroyed if unequipped.
   Stlth:     It makes you more stealthy.
 m - a ring of positive energy
 o - a ring of resist corrosion
 t - a ring of willpower
 z - a +4 ring of protection (right hand)
 D - a ring of ice
 Q - a +4 ring of slaying (left hand)
 S - a ring of protection from fire
Wands
 x - a wand of acid (9)
 y - a wand of polymorph (34)
 A - a wand of flame (26)
 U - a wand of iceblast (10)
Scrolls
 h - 11 scrolls of teleportation
 i - 4 scrolls of fear
 j - 7 scrolls of fog
 l - 3 scrolls of immolation {!r}
 n - a scroll of enchant armour
 p - 4 scrolls of poison {!r}
 q - 2 scrolls of brand weapon
 C - 2 scrolls of summoning
 G - 3 scrolls of vulnerability {!r}
 L - 3 scrolls of blinking
 P - 3 scrolls of identify {@r1}
 V - a scroll of silence
Potions
 e - 3 potions of cancellation
 f - 15 potions of curing {@q1}
 g - 2 potions of ambrosia
 r - a potion of flight
 s - 4 potions of attraction {!q}
 u - 2 potions of resistance
 v - 4 potions of might
 w - 6 potions of lignification {!q}
 E - 6 potions of heal wounds {@q2}
 F - a potion of invisibility
 K - 4 potions of magic
 M - 4 potions of haste
 O - 2 potions of mutation {!q}
Miscellaneous
 B - a phantom mirror
 R - a condenser vane


   Skills:
 + Level 15.1 Fighting
 - Level 11.0 Short Blades
 - Level 15.8(16.0) Axes
 - Level 2.5(9.8) Maces & Flails
 + Level 9.8 Armour
 - Level 8.0 Dodging
 - Level 4.4 Stealth
 - Level 3.2 Unarmed Combat
 - Level 3.0 Evocations


You had 15 spell levels left.
You didn't know any spells.
Your spell library was empty.

Dungeon Overview and Level Annotations

Branches:
Dungeon (15/15)            Temple (0/1) D:7            Lair (6/6) D:11
  Swamp (0/4) Lair:3       Spider (0/4) Lair:3        Slime (0/5) Lair:5
    Orc (2/2) D:11            Elf (0/3) Orc:2        Vaults (0/5) D:14
 Depths (0/4) D:15

Altars:
Cheibriados
Nemelex Xobeh
Ru
Sif Muna
Trog
Wu Jian
Xom

Shops:
D:2 (   D:14 ?

Annotations:
D:7 2 transporters, Serus's ghost, novice TrGl
D:10 2 transporters, Zero's ghost, novice DESu
Orc:2 Nessos


Innate Abilities, Weirdness & Mutations

Your natural rate of healing is accelerated.
You have razor-sharp teeth.
You have supernaturally acute eyesight. (SInv)
You are afflicted with vampirism and can become a bat while bloodless.


Message History

The orc knight is severely wounded.
You feel very sick.
Nessos casts a spell.
Nessos blinks!
The orc knight closely misses you.
Nessos shoots an arrow.
The arrow barely misses you.
You barely miss the orc knight. You bite the orc knight!
The orc knight is severely wounded.
You feel very sick.
Nessos shoots an arrow.
The arrow hits you.
* * * LOW HITPOINT WARNING * * *
You are lethally poisoned!
You closely miss the orc knight.
The orc knight is severely wounded.
* * * LOW HITPOINT WARNING * * *
You feel very sick.
Nessos casts a spell.
Nessos blinks!
The orc knight hits you with a +0 long sword.
* * * LOW HITPOINT WARNING * * *
You slice the orc knight!!
You kill the orc knight!
Trog accepts your kill.
* * * LOW HITPOINT WARNING * * *
You feel very sick.
Nessos shoots an arrow.
The arrow hits you.
* * * LOW HITPOINT WARNING * * *
You are more poisoned.
An orc warrior comes into view. It is wielding a +0 mace.
An ogre comes into view. It is wielding a +0 giant club.
* * * LOW HITPOINT WARNING * * *
You feel very sick.
Nessos pounds the earth with their hooves.
Nessos shoots an arrow.
The arrow misses you.
Things that are here:
a +0 halberd; a +0 chain mail; an orc corpse You feel a strong urge to attack something.
* * * LOW HITPOINT WARNING * * *
You feel very sick.
Nessos shoots an arrow.
The arrow hits you!
You die...

###.....#.>.
##.#..............
#........#.#Oo.... .
##.##............ ..
##.##....#.....##..
#.......##........
.##.#........ยง..# .
............)))..#....
#.##.#.#....@)))......
#. .....##.#.#)#)......
##.#........###.....c..
........#.## #.......
.......### ##.....
##.##. ##... ## #.. ##


You could see Nessos (fast), an orc warrior and an ogre.

Vanquished Creatures
  Rupert (D:14)
  A stone giant (D:15)
  Snorg (D:10)
  Josephine (D:12)
  Erolcha (D:13)
  Fannar (Lair:2)
  A rakshasa (D:14)
  11 hydras
  5 boulder beetles
  An ogre mage (D:15)
  8 centaur warriors
  3 catoblepae
  7 two-headed ogres
  3 tengu warriors
  An alligator (Lair:6)
  6 death yaks
  Urug (D:13)
  Lodul (D:12)
  8 skeletal warriors
  2 bog bodies (Lair:3)
  Pikel (D:7)
  4 orc knights
  2 deep elf pyromancers
  An orc sorcerer (D:15)
  4 manticores
  6 ugly things
  A wolf spider (Lair:2)
  8 cyclopes
  Maurice (D:8)
  20 elephants
  An eye of devastation (Lair:5)
  2 torpor snails (Lair:6)
  20 cane toads
  A gargoyle (D:11)
  6 black mambas
  3 rime drakes
  The ghost of Ijustatesigmund the Firebug, a novice GnFE (D:5)
  A kobold demonologist (D:13)
  13 komodo dragons
  An unseen horror (shapeshifter) (D:15)
  2 yaktaurs
  2 efreet
  A freezing wraith (D:15)
  6 meliai
  A troll (D:11)
  A hornet (Lair:5)
  Prince Ribbit (D:8)
  8 dream sheep (Lair:6)
  11 polar bears
  6 raiju (Lair:6)
  13 slime creatures
  9 blink frogs
  2 vampires
  A shadow (D:11)
  7 wraiths
  34 yaks
  16 humans (D:14)
  9 basilisks
  Grum (D:9)
  6 wyverns
  9 vampire mosquitoes
  2 steam dragons
  15 water moccasins
  4 wargs (Lair:6)
  2 acid dragons
  Duvessa (D:5)
  11 hell hounds (Lair:6)
  2 sky beasts
  A floating eye (Lair:5)
  13 black bears
  3 ice beasts
  13 orc warriors
  12 ogres
  A boggart (D:12)
  46 wolves
  10 centaurs
  A phantom (D:5)
  Blork the orc (D:6)
  8 bullfrogs
  3 necrophages
  2 scorpions
  A wyvern zombie (D:5)
  2 water moccasin zombies (D:5)
  5 wights (D:6)
  Dowan (D:5)
  6 killer bees (D:8)
  4 howler monkeys
  5 electric eels
  2 bullfrog zombies (D:5)
  8 hounds
  12 orc priests
  2 gnoll shamans
  A centaur skeleton (D:5)
  A bullfrog skeleton (D:5)
  9 iguanas
  12 orc wizards
  2 hound zombies (D:5)
  A hound skeleton (D:5)
  4 gnolls
  6 adders
  A white imp (D:5)
  An ufetubus (D:5)
  2 dart slugs
  2 worms (D:3)
  44 orcs
  6 ball pythons
  7 bats
  10 endoplasms
  13 giant cockroaches
  6 goblins
  16 hobgoblins
  17 jackals
  5 quokkas
  5 frilled lizards
  7 kobolds
  2 rats
686 creatures vanquished.

Vanquished Creatures (others)
  An orc warrior (Orc:2)
  44 fungi
  71 plants
  A withered plant (D:5)
117 creatures vanquished.

Grand Total: 803 creatures vanquished

Notes
Turn   | Place    | Note
-------+----------+-------------------------------------------
     0 | D:1      | Kenran the Vampire Berserker began the quest for the Orb.
     0 | D:1      | Reached XP level 1. HP: 17/17 MP: 1/1
    39 | D:1      | Reached skill level 1 in Stealth
    82 | D:1      | Reached XP level 2. HP: 20/24 MP: 2/2
   190 | D:1      | Gained mutation: You are afflicted with vampirism and can
                  | become a bat while bloodless. [Vampire growth]
   190 | D:1      | Reached XP level 3. HP: 22/29 MP: 3/3
   397 | D:1      | Found a faded altar of an unknown god.
   837 | D:2      | Reached ** piety under Trog
   849 | D:2      | Reached skill level 1 in Short Blades
  1247 | D:2      | Reached XP level 4. HP: 28/36 MP: 4/4
  1373 | D:2      | Found Hadeereu's Weapon Emporium.
  2297 | D:3      | Reached XP level 5. HP: 41/42 MP: 5/5
  2856 | D:3      | Found a snail-covered altar of Cheibriados.
  2865 | D:3      | Found a shimmering altar of Xom.
  3008 | D:4      | Reached *** piety under Trog
  3021 | D:4      | Reached XP level 6. HP: 27/48 MP: 6/6
  3023 | D:4      | Reached skill level 5 in Short Blades
  3166 | D:4      | Noticed an orc warrior
  3269 | D:3      | Killed an orc warrior
  3532 | D:4      | Reached XP level 7. HP: 54/54 MP: 7/7
  4041 | D:5      | Entered Level 5 of the Dungeon
  4609 | D:5      | Noticed Duvessa
  4616 | D:5      | Noticed Dowan
  4628 | D:5      | Killed Duvessa
  4629 | D:5      | Reached XP level 8. HP: 37/61 MP: 8/8
  4633 | D:5      | Killed Dowan
  4634 | D:5      | Reached skill level 5 in Fighting
  5187 | D:5      | Found a runed translucent door.
  5189 | D:5      | Noticed Ijustatesigmund's ghost (novice GnFE)
  5561 | D:5      | Killed Ijustatesigmund's ghost
  5562 | D:5      | Reached skill level 10 in Short Blades
  5633 | D:6      | Found a sparkling altar of Nemelex Xobeh.
  5884 | D:6      | Reached skill level 1 in Evocations
  5884 | D:6      | Reached XP level 9. HP: 68/68 MP: 9/9
  6258 | D:6      | Reached skill level 1 in Maces & Flails
  6431 | D:6      | Found an ornate altar of the Wu Jian Council.
  6489 | D:6      | Noticed Blork the orc
  6496 | D:6      | Killed Blork the orc
  6580 | D:7      | Found a bloodstained altar of Trog.
  6581 | D:7      | Noticed Serus's ghost (novice TrGl)
  6582 | D:7      | Noticed a moth of wrath
  6624 | D:7      | Found a staircase to the Ecumenical Temple.
  6800 | D:7      | Reached skill level 1 in Axes
  7115 | D:7      | Found a transporter.
  7117 | D:7      | Found a transporter.
  7147 | D:7      | Noticed a two-headed ogre
  7264 | D:7      | Noticed Pikel
  7278 | D:7      | Killed Pikel
  7279 | D:7      | Reached skill level 5 in Dodging
  7336 | D:8      | Noticed Maurice
  7347 | D:8      | Killed Maurice
  7348 | D:8      | Reached XP level 10. HP: 76/76 MP: 10/10
  7422 | D:8      | Reached skill level 5 in Axes
  7498 | D:8      | Noticed Prince Ribbit
  7508 | D:8      | Killed Prince Ribbit
  7508 | D:8      | Reached **** piety under Trog
  8577 | D:9      | Noticed Grum
  8594 | D:9      | Killed Grum
  9033 | D:10     | Entered Level 10 of the Dungeon
  9541 | D:10     | Found a transporter.
  9544 | D:10     | Found a transporter.
  9544 | D:10     | Noticed Zero's ghost (novice DESu)
  9849 | D:10     | Reached XP level 11. HP: 60/81 MP: 11/11
 10022 | D:10     | Found a shimmering blue altar of Sif Muna.
 10022 | D:10     | Found a sacrificial altar of Ru.
 10133 | D:10     | Noticed Snorg
 10149 | D:10     | Killed Snorg
 10627 | D:11     | Found a staircase to the Orcish Mines.
 10704 | D:11     | Reached skill level 10 in Axes
 10976 | D:11     | Found a staircase to the Lair.
 11110 | D:11     | Noticed a boulder beetle
 11121 | D:11     | Killed a boulder beetle
 11358 | D:11     | Noticed a two-headed ogre
 11365 | D:11     | Killed a two-headed ogre
 11448 | D:11     | Noticed a two-headed ogre
 11459 | D:11     | Killed a two-headed ogre
 11684 | D:11     | Noticed a four-headed hydra
 11691 | D:11     | Killed a one-headed hydra
 11811 | D:11     | Noticed a frost giant
 11812 | D:11     | Noticed a centaur warrior
 11813 | D:11     | Noticed a death knight
 11817 | D:11     | Noticed a centaur warrior
 11873 | Lair:1   | Entered Level 1 of the Lair of Beasts
 11938 | Lair:1   | Reached XP level 12. HP: 92/92 MP: 12/12
 12783 | Lair:2   | Noticed a catoblepas
 12794 | Lair:2   | Killed a catoblepas
 13172 | Lair:2   | You fall into a shaft and drop 2 floors!
 13517 | Lair:4   | Identified the +2 leather armour of the Red Skies {Dex-3
                  | Slay+5}
 13645 | Lair:3   | Found a staircase to the Swamp.
 13835 | Lair:3   | Found a hole to the Spider Nest.
 14013 | Lair:2   | Noticed Fannar
 14027 | Lair:2   | Killed Fannar
 14028 | Lair:2   | Reached XP level 13. HP: 101/101 MP: 13/13
 14905 | Lair:3   | Reached ***** piety under Trog
 15348 | Lair:4   | Reached skill level 5 in Armour
 15586 | Lair:4   | Reached skill level 10 in Fighting
 16299 | Lair:5   | Found a staircase to the Slime Pits.
 16300 | Lair:5   | Paralysed by a floating eye for 3 turns
 16383 | Lair:5   | Reached skill level 15 in Axes
 16539 | Lair:5   | Identified the +2 leather armour of Ygufutt {rC+}
 16937 | Lair:6   | Entered Level 6 of the Lair of Beasts
 17311 | Lair:6   | Reached XP level 14. HP: 96/110 MP: 14/14
 17484 | Lair:6   | Received a gift from Trog
 18366 | Lair:6   | Reached ****** piety under Trog
 18733 | D:12     | Received a gift from Trog
 18744 | D:12     | Identified the +1 pair of boots of the Forest {rElec Will+
                  | rCorr Int+2}
 18825 | D:12     | Identified the amulet "Fuoxu" {Acrobat Fragile rF+ Stlth+}
 18934 | D:12     | Noticed Josephine
 18947 | D:12     | Killed Josephine
 19086 | D:12     | Noticed Lodul
 19110 | D:12     | Killed Lodul
 19675 | D:12     | Noticed Sonja
 19678 | D:12     | Noticed Sonja
 19678 | D:12     | Sonja changed into Sonja the boggart
 19685 | D:12     | Killed Sonja the boggart
 20058 | D:13     | Reached XP level 15. HP: 119/122 MP: 15/15
 20599 | D:13     | Noticed Erolcha
 20606 | D:13     | Killed Erolcha
 20901 | D:13     | Noticed Urug
 20908 | D:13     | Killed Urug
 21476 | D:14     | Found a sacrificial altar of Ru.
 21642 | D:14     | Found a sparkling altar of Nemelex Xobeh.
 21698 | D:14     | Noticed Rupert
 21701 | D:14     | Found a gate to the Vaults.
 21716 | D:14     | Killed Rupert
 21997 | D:14     | You fall into a shaft and drop 1 floor!
 21997 | D:15     | Entered Level 15 of the Dungeon
 22020 | D:15     | Received a gift from Trog
 22819 | D:14     | Found Deaved's Magic Scroll Boutique.
 22835 | D:14     | Bought a scroll of summoning for 142 gold pieces
 22835 | D:14     | Bought a scroll of blinking for 112 gold pieces
 23278 | D:15     | Reached skill level 15 in Fighting
 23474 | D:15     | Found a bloodstained altar of Trog.
 23752 | D:15     | Found a staircase to the Depths.
 23773 | D:15     | Reached XP level 16. HP: 133/136 MP: 16/16
 24008 | Orc:1    | Entered Level 1 of the Orcish Mines
 24110 | Orc:2    | Entered Level 2 of the Orcish Mines
 24113 | Orc:2    | Found a staircase to the Elven Halls.
 24131 | Orc:2    | Noticed Nessos
 24158 | Orc:2    | HP: 8/204 [poisoned by Nessos]
 24159 | Orc:2    | HP: 3/204 [poisoned by Nessos]
 24159 | Orc:2    | Shot with an arrow by Nessos

Illustrated notes

Levels and vault maps discovered:
D:1:      lightli_arrival_statuegarden, layout_basic,
          shapermc_ecumenical_altar_venn
D:2:      minmay_spotlight, layout_loops_ring, serial_shops, shop,
          columned_hall_lemuel, minmay_domino_4
D:3:      minmay_roachtagon, layout_loops_corners, mainiacjoe_overflow_swirl
D:4:      layout_cave_pools, minmay_statues_item
D:5:      layout_loops_corners, ebering_ghost_reflecting_pool, serial_undead,
          serial_undead_f, serial_undead_a, serial_undead_f, serial_undead_e,
          serial_undead_f, serial_undead_f, serial_undead_f, serial_undead_f,
          uniq_duvessa
D:6:      layout_basic, lemuel_crystal_altar, pdpol_wu_jian_five_deadly_venoms,
          hangedman_decor_peaks_small, uniq_blork_the_orc
D:7:      layout_loops_ring, minmay_temple_entry_overgrown,
          gammafunk_ghost_wrathful_warriors, dreamdust_gnoll_shepherd,
          uniq_pikel
D:8:      layout_gridville, uniq_maurice, uniq_prince_ribbit1
D:9:      layout_rooms, minmay_misc_feat_room, serial_bayou_ford_a, uniq_grum
D:10:     layout_cave_pods, gammafunk_temple_overflow_elements,
          gammafunk_ghost_arena, serial_park, serial_park_paths
          [serial_park_minivault_5x5_2], serial_park_square3
          [serial_park_minivault_5x5_4], serial_park_tiny_pond,
          serial_park_gazebo [serial_park_minivault_5x5_6],
          hangedman_abyss_or_decor_passed, minmay_hedge_maze, grunt_decor_cap,
          uniq_snorg
D:11:     kennysheep_six_static_rooms, layout_rooms, erik_lair_island,
          orc_0_dummy, onia_ninara_dug_in_and_dangerous
D:12:     cheibrodos_orc_bank, layout_loops_ring, uniq_josephine, uniq_sonja,
          uniq_lodul
D:13:     kennysheep_blocky_room, layout_rooms, uniq_urug, uniq_erolcha
D:14:     layout_long_grid, david_vaults_3, serial_shops, nicolae_shop_stone,
          nemelex_spade_bored_becter, nicolae_ru_great_annihilating_truth
D:15:     grunt_enter_depths_snipers, layout_small_grid, bloody_trog
Lair:1:   layout_big_grid
Lair:2:   layout_hall_layers, nicolae_lair_run_with_the_wolves, uniq_fannar
Lair:3:   layout_regular_city, skrybe_swamp_entry_bodies,
          spider_nest_entry_web_field, grunt_megastairs_2, lemuel_fruit_tree
Lair:4:   layout_hall_layers
Lair:5:   layout_loops_ring, minmay_slime_entry_eyes, grunt_megastairs_4,
          infiniplex_staircase_pool_2
Lair:6:   hangedman_lair_caniforms_friends, layout_loops_ring,
          hangedman_lair_generics_rect
Orc:1:    layout_caves, ebering_ghost_xom
Orc:2:    st_orc_open, layout_caves, mines1_david, uniq_nessos

Skill      XL: |  1  2  3  4  5  6  7  8  9 10 11 12 13 14 15 |
---------------+----------------------------------------------+-----
Stealth        | 1 3 4 |  4.4
Fighting       | 3 4 5 6 8 9 10 12 15 | 15.1
Short Blades   | 1 3 4 6 8 10 11 | 11.0
Armour         | 2 4 6 8 9 |  9.8
Evocations     | 1 2 3 |  3.0
Dodging        | 5 6 8 |  8.0
Maces & Flails | 2 |  2.5
Axes           | 4 9 11 13 15 | 15.8
Unarmed Combat | |  3.2

Action                   |  1- 3 |  4- 6 |  7- 9 | 10-12 | 13-15 | 16-18 || total
-------------------------+-------+-------+-------+-------+-------+-------++-------
Melee: Unarmed           |    69 |       |       |       |       |       ||    69
       Bite              |    15 |    24 |    64 |    86 |   189 |     2 ||   380
       Dagger            |    45 |       |       |       |       |       ||    45
       Short sword       |    37 |   201 |   121 |       |       |       ||   359
       Punch             |     1 |     5 |    14 |    14 |    38 |     1 ||    73
       Rapier            |       |       |   180 |       |       |       ||   180
       Broad axe         |       |       |    55 |   485 |  1095 |    31 ||  1666
       Dire flail        |       |       |    26 |       |       |       ||    26
       Hand axe          |       |       |       |     3 |    62 |       ||    65
Invok: Berserk           |     3 |     8 |    11 |    26 |    19 |     1 ||    68
       Trog's Hand       |       |       |     2 |     2 |     9 |       ||    13
Evoke: Wand              |       |       |       |     4 |     1 |       ||     5
  Use: Scroll            |       |     3 |     6 |    13 |    14 |       ||    36
       Potion            |       |     1 |       |       |     2 |       ||     3
 Stab: Sleeping          |     5 |     9 |     5 |     1 |     1 |       ||    21
       Distracted        |       |       |     1 |       |       |       ||     1
       Petrified         |       |       |       |       |    16 |       ||    16
       Petrifying        |       |       |       |       |     3 |       ||     3
       Paralysed         |       |       |       |       |     1 |       ||     1
Armor: Animal skin       |    35 |    31 |       |       |       |       ||    66
       Ring mail         |       |    34 |   112 |    78 |       |       ||   224
       Chain mail        |       |       |       |   226 |   645 |       ||   871
       Plate armour      |       |       |       |       |    38 |    14 ||    52
Dodge: Dodged            |   101 |   124 |   177 |   342 |   632 |    21 ||  1397

Table legend: (Time is in decaauts)
 A = Elapsed time spent in this place.
 B = Non-inter-level travel time spent in this place.
 C = Inter-level travel time spent in this place.
 D = Time resting spent in this place.
 E = Time spent auto-exploring this place.
 F = Levels seen in this place.
 G = Mean time per level.
                   A        B        C        D        E       F      G
               +--------+--------+--------+--------+--------+-----+--------+
         Total |  24472 |  23422 |   1050 |   4870 |  13781 |  23 | 1064.0 |
       Dungeon |  17583 |  16796 |    787 |   3959 |   9384 |  15 | 1172.2 |
          Lair |   6748 |   6503 |    245 |    911 |   4313 |   6 | 1124.7 |
  Orcish Mines |    139 |    122 |     17 |      0 |     83 |   2 |   69.5 |
               +--------+--------+--------+--------+--------+-----+--------+

Top non-repeatable levels by time:
    D:10: 1712 daAuts
  Lair:6: 1581 daAuts
     D:5: 1579 daAuts
    D:12: 1491 daAuts
     D:3: 1457 daAuts
    D:15: 1340 daAuts
  Lair:3: 1327 daAuts
    D:11: 1284 daAuts
    D:14: 1260 daAuts
    D:13: 1181 daAuts
  Lair:2: 1154 daAuts
  Lair:4: 1137 daAuts
     D:2: 1040 daAuts
     D:8: 1034 daAuts
  Lair:5: 955 daAuts
